 Dungeon Crawl Stone Soup version 0.30-b1-2-g02819fbbbe (webtiles) character file.

Game seed: 294165387088325432

20 Gobbopathe the Chopper (level 2, 0/24 HPs)
             Began as a Demonspawn Chaos Knight on May 14, 2023.
             Was a Plaything of Xom.
             Slain by a gnoll
             ... wielding a +1 heavy spear
              (4 damage)
             ... on level 1 of the Dungeon.
             The game lasted 00:01:47 (374 turns).

Gobbopathe the Chopper (Demonspawn Chaos Knight)     Turns: 374, Time: 00:01:48

Health: 0/24       AC:  5    Str: 12    XL:     2   Next: 58%
Magic:  2/2        EV: 10    Int: 13    God:    Xom [..*...]
Gold:   58         SH:  3    Dex: 12    Spells: 1/1 levels left

rFire   . . .        a - +0 hand axe (chaos)
rCold   . . .        j - +0 buckler
rNeg    . . .        b - +2 leather armour
rPois   .            (no helmet)
rElec   .            (no cloak)
rCorr   +            (no gloves)
SInv    .            (no boots)
Will    .....        (no amulet)
Stlth   +            k - ring of resist corrosion
HPRegen 0.24/turn    (no ring)
MPRegen 0.08/turn

%: no passive effects
@: no status effects
A: demonic touch 1
a: Renounce Religion


You were on level 1 of the Dungeon.
You worshipped Xom.
You were a toy of Xom.
You visited 1 branch of the dungeon, and saw 1 of its levels.

You collected 58 gold pieces.

Inventory:

Hand Weapons
 a - a +0 hand axe of chaos (weapon)
Armour
 b - a +2 leather armour (worn)
 j - a +0 buckler (worn)
Magical Staves
 f - a staff of poison
 l - a staff of cold
Jewellery
 k - a ring of resist corrosion (left hand)
Scrolls
 e - a scroll of fog {unknown}
 g - a scroll of magic mapping {unknown}
 h - a scroll of immolation {unknown}
Potions
 d - 2 potions of curing {unknown}
 i - a potion of haste {unknown}
Miscellaneous
 c - a piece from Xom's chessboard (15/15) (quivered)


   Skills:
 + Level 3.3 Fighting
 * Level 3.3 Axes
 - Level 1.7 Armour
 - Level 0.8 Dodging
 + Level 0.0 Shields


You had one spell level left.
You didn't know any spells.
Your spell library contained the following spells:

 Spells                   Type           Power      Damage    Failure   Level
 Shock                    Conj/Air       0%         1d3       50%         1
 Swiftness                Air            0%         N/A       86%         3
 Airstrike                Air            0%         2d(0-16)  99%         4


Dungeon Overview and Level Annotations

Branches:
Dungeon (1/15) Zot: 5616

Altars:


Innate Abilities, Weirdness & Mutations

Your touch may inflict minor irresistible damage on your foes.


Message History

You kill the dart slug!
You see here a +0 buckler.
j - a +0 buckler
Found 10 gold pieces.
k - a ring of resist corrosion
k - a ring of resist corrosion (left hand)
You start putting on your armour.
You continue putting on your +0 buckler. x4
You finish putting on your +0 buckler.
Adjust to which letter? (? for menu, Esc to quit)
Okay, then.
You now have 47 gold pieces (gained 10).
l - a staff of cold
Items here: ( ) ††.
You now have 58 gold pieces (gained 11).
Xom almost notices you.
A monocle briefly appears over your left eye.
A gnoll comes into view. It is wielding a +1 heavy spear.
The gnoll shouts!
The gnoll hits you with a +1 heavy spear.
You closely miss the gnoll.
The gnoll hits you with a +1 heavy spear.
You hit the gnoll but do no damage. You block the gnoll's attack.
You barely miss the gnoll.
The gnoll hits you with a +1 heavy spear.
You hit the gnoll but do no damage. You barely miss the gnoll.
The gnoll hits you with a +1 heavy spear.
You hit the gnoll but do no damage.
The gnoll hits you with a +1 heavy spear.
You hit the gnoll.
The gnoll is poisoned.
The gnoll is lightly wounded.
Xom's attention almost turns to you for a moment.
Your buckler briefly flashes a lurid colour!
The gnoll hits you with a +1 heavy spear!
* * * LOW HITPOINT WARNING * * *
You closely miss the gnoll.
The gnoll is lightly wounded.
The gnoll hits you with a +1 heavy spear.
You die...

######### #........
################........
#...............@g....#
#.....#######........##
........# #.##.....#
#.....#.# #.##.....#
#.....#.# #.##.#.###
###.###.# #.##.#.#
......#.# #.##.#.#
###.#.#.#####.##.#.#
##............. #


You could see a gnoll (poisoned).

Vanquished Creatures
  A dart slug (D:1)
  A ball python (D:1)
  An endoplasm (D:1)
  A goblin (D:1)
  3 hobgoblins (D:1)
  3 kobolds (D:1)
  2 quokkas (D:1)
  2 bats (D:1)
  A rat (D:1)
15 creatures vanquished.

Notes
Turn   | Place    | Note
-------+----------+-------------------------------------------
     0 | D:1      | Gobbopathe the Demonspawn Chaos Knight began the quest for
                  | the Orb.
     0 | D:1      | Reached XP level 1. HP: 18/18 MP: 1/1
   152 | D:1      | Gained mutation: Your touch may inflict minor irresistible
                  | damage on your foes. [demonic ancestry]
   152 | D:1      | Reached XP level 2. HP: 24/24 MP: 2/2
   187 | D:1      | XOM: silly message
   361 | D:1      | XOM: silly message
   373 | D:1      | XOM: silly message
   374 | D:1      | Slain by a gnoll

Illustrated notes

Levels and vault maps discovered:
D:1:      minmay_arrival_diagonal_passages, layout_loops_ring

Skill      XL: |  1 |
---------------+----+-----
Axes           | 3 |  3.3
Fighting       | |  3.3
Armour         | |  1.7
Dodging        | |  0.8

Action                     || total
---------------------------++-------
  Melee: Hand axe          ||    54
         Touch             ||     2
 Armour: Leather armour    ||    14
  Dodge: Dodged            ||    36
  Block: Buckler           ||     1
